 Dungeon Crawl Stone Soup version 0.22.1-2-g9c5b331383 (webtiles) character file.

56 Marnok the Shield-Bearer (level 4, 0/35 HPs)
             Began as a Human Fighter on Nov 23, 2018.
             Slain by an orc (1 damage)
             ... on level 3 of the Dungeon.
             The game lasted 00:08:00 (1367 turns).

Marnok the Shield-Bearer (Human Fighter)            Turns: 1367, Time: 00:08:00

Health: 0/35       AC:  3    Str: 17    XL:     4   Next: 17%
Magic:  4/4        EV:  9    Int: 14    God:
Gold:   104        SH: 11    Dex: 12    Spells: 3/3 levels left

rFire    . . .     SeeInvis .   s - +1 dagger (pain)
rCold    . . .     Gourm    .   c - +0 shield
rNeg     . . .     Faith    .   g - +0 leather armour (curse)
rPois    +         Spirit   .   (no helmet)
rElec    .         Reflect  +   (no cloak)
rCorr    .         Harm     .   (no gloves)
MR       .....                  (no boots)
Stlth    ..........             m - +2 amulet of reflection
HPRegen  0.11/turn              h - ring of poison resistance
MPRegen  0.09/turn              q - ring of attention (curse)

@: brilliant
A: no striking features
a: no special abilities


You were on level 3 of the Dungeon.
You were not hungry.

You visited 1 branch of the dungeon, and saw 4 of its levels.

You collected 104 gold pieces.

Inventory:

Hand Weapons
 a - a +0 long sword
 s - a +1 dagger of pain (weapon)
Armour
 b - a +0 scale mail
 c - a +0 shield (worn)
 g - a cursed +0 leather armour (worn)
 i - a +0 chain mail
Jewellery
 h - a ring of poison resistance (left hand)
 m - a +2 amulet of reflection (around neck)
 o - an uncursed ring of protection from magic
 q - a cursed ring of attention (right hand)
Scrolls
 l - 2 scrolls of identify
 n - 3 scrolls of magic mapping
 r - a scroll of enchant weapon
Potions
 d - a potion of might
 e - 2 potions of brilliance
 j - a potion of lignification {unknown}
Comestibles
 f - 5 rations


   Skills:
 + Level 3.3 Fighting
 + Level 2.6 Long Blades
 + Level 3.2 Armour
 + Level 1.1 Dodging
 + Level 3.6 Shields


You had 3 spell levels left.
You didn't know any spells.
Your spell library was empty.

Dungeon Overview and Level Annotations

Branches:
Dungeon (4/15)
 Temple: D:4-7

Altars:

Annotations:
D:3 Ijyb


Message History

Ijyb the Twisted Goblin comes into view.
A gnoll comes into view.
An orc comes into view.
The orc shouts!
Found a lajatang.
A rat comes into view.
The orc priest calls down the wrath of Beogh upon you.
Beogh smites you! You block the orc's attack.
The orc priest invokes the aid of Beogh against you.
Beogh smites you!
* * * LOW HITPOINT WARNING * * *
The gnoll misses you.
The orc priest casts a cantrip, but nothing happens.
It was a potion of brilliance.
You feel clever all of a sudden.
The gnoll hits you from afar with a halberd of venom!
* * * LOW HITPOINT WARNING * * *
The orc hits you.
You die...

*****#.............##...,,,*,
****#......o...........,,,*,
*,,,,....#...........#*,,,,,
*,,,,,,#..g...gg.....#*,,,,,
*,,,,,,#.......#..g...g,,,,,
*,,,,,,#..rogl##.......,**,,
*,,,,,,####og.#*##.....,**,,
*,,,...####o..# *.....,,,,,
****#......@..# *,...#***,,
*******#.......###***,,...* **+
*,,,,,,.........,,,,*,,...****,
***,*****#.......#.,,,*,,,,,,,**,
*,,,,,,,,..#........,,*,,,,,,,**,
********,.,#...#.#,..,,,,,,,,,,,,
*,,,,.......,...,,,,,,,,***
*,,,........**.#.,,,,,,,,,,
*,,,,,,,,,,,**,*,,,,,,*****


You could see Ijyb, an orc priest, 3 gnolls, 3 orcs, a goblin, a frilled lizard
and a rat.

Vanquished Creatures
  An adder (D:2)
  A worm (D:2)
  A dart slug (D:1)
  2 leopard geckos
  4 bats
  6 goblins
  2 hobgoblins
  6 jackals (D:1)
  2 frilled lizards (D:1)
  6 kobolds
  6 rats
37 creatures vanquished.

Notes
Turn   | Place    | Note
-------+----------+-------------------------------------------
     0 | D:1      | Marnok the Human Fighter began the quest for the Orb.
     0 | D:1      | Reached XP level 1. HP: 18/18 MP: 1/1
    65 | D:1      | Reached XP level 2. HP: 14/24 MP: 2/2
   484 | D:1      | Reached XP level 3. HP: 24/29 MP: 3/3
   655 | D:2      | Noticed an ogre
   959 | D:2      | Reached skill level 1 in Dodging
   959 | D:2      | Reached XP level 4. HP: 23/35 MP: 4/4
  1359 | D:3      | Noticed Ijyb
  1367 | D:3      | HP: 1/35 [gnoll/halberd of venom (7)]
  1367 | D:3      | Slain by an orc

Skill      XL: |  1  2  3 |
---------------+----------+-----
Dodging        | 1 |  1.1
Fighting       | |  3.3
Long Blades    | |  2.6
Armour         | |  3.2
Shields        | |  3.6

Action                   |  1- 3 |  4- 6 || total
-------------------------+-------+-------++-------
Melee: Long sword        |   105 |    22 ||   127
  Use: Scroll            |       |     4 ||     4
       Potion            |       |     1 ||     1
  Eat: Ration            |       |     1 ||     1
       Chunk             |       |     1 ||     1
Armor: Leather armour    |    37 |     2 ||    39
Dodge: Dodged            |    45 |    11 ||    56
Block: Shield            |    69 |     9 ||    78
       Rpst.: Long sword |    14 |     3 ||    17
